 Dungeon Crawl Stone Soup version 0.31-a0-740-g87205ac768 (webtiles) character file.

Game seed: 13425119188595917498

21 Newt the Ducker (level 2, -2/25 HPs)
             Began as a Merfolk Gladiator on Sept 12, 2023.
             Slain by Natasha (3 damage)
             ... on level 2 of the Dungeon.
             The game lasted 00:00:44 (828 turns).

Newt the Ducker (Merfolk Gladiator)                  Turns: 828, Time: 00:00:44

Health: -2/25      AC:  4    Str: 14    XL:     2   Next: 87%
Magic:  2/2        EV: 13    Int:  7    God:
Gold:   18         SH:  0    Dex: 15    Spells: 1/1 levels left

rFire   . . .        a - +0 trident
rCold   . . .        (no shield)
rNeg    . . .        b - +0 leather armour
rPois   .            c - +0 helmet
rElec   .            (no cloak)
rCorr   .            (no gloves)
SInv    .            (no boots)
Will    .....        (no amulet)
Stlth   +            (no ring)
HPRegen 0.24/turn    (no ring)
MPRegen 0.08/turn

%: no passive effects
@: slowed, very slow
A: (nimble swimmer 2), mertail
a: no special abilities


You were on level 2 of the Dungeon.
You visited 1 branch of the dungeon, and saw 2 of its levels.

You collected 18 gold pieces.

Inventory:

Hand Weapons
 a - a +0 trident (weapon)
Missiles
 d - 3 throwing nets (quivered)
 e - a javelin
Armour
 b - a +0 leather armour (worn)
 c - a +0 helmet (worn)
Scrolls
 g - 2 scrolls of teleportation
 i - a scroll of amnesia {unknown}
 k - a scroll of enchant armour {unknown}
 l - a scroll of silence {unknown}
 m - a scroll of poison {unknown}
Potions
 f - a potion of mutation
 j - 2 potions of curing


   Skills:
 + Level 3.6 Fighting
 - Level 4.0 Polearms
 - Level 2.0 Throwing
 - Level 4.0 Dodging


You had one spell level left.
You didn't know any spells.
Your spell library was empty.

Dungeon Overview and Level Annotations

Branches:
Dungeon (2/15)

Altars:

Annotations:
D:2 Natasha


Innate Abilities, Weirdness & Mutations

((You are very nimble when in or above water. (Stealth+, EV+, Speed+++)))
Your lower body shifts to a powerful aquatic tail in water.


Message History

You feel troubled.
Natasha casts a spell.
Natasha claws you.
You hit Natasha.
Natasha is heavily wounded.
Natasha claws you. Natasha barely misses you.
The cerulean imp closely misses you.
You hit Natasha but do no damage.
Natasha is heavily wounded.
Natasha claws you. The cerulean imp barely misses you.
You hit Natasha.
Natasha is severely wounded.
Natasha claws you.
The cerulean imp hits you but does no damage.
Natasha claws you.
* * * LOW HITPOINT WARNING * * *
The cerulean imp closely misses you.
You closely miss Natasha.
Natasha is severely wounded.
Natasha claws you but does no damage. The cerulean imp closely misses you.
Natasha misses you.
Unknown command.
Unknown command.
You hit Natasha but do no damage.
Natasha is severely wounded.
The cerulean imp closely misses you.
Natasha mumbles some strange words.
The cerulean imp closely misses you.
Unknown command.
Unknown command.
You barely miss Natasha.
Natasha is severely wounded.
Natasha mumbles some strange words.
The cerulean imp hits you from afar with a +0 spear.
* * * LOW HITPOINT WARNING * * *
The cerulean imp hits you from afar with a +1 spear.
* * * LOW HITPOINT WARNING * * *
Natasha claws you.
You die...
Natasha begins licking her fur clean.

.# .# .# .# 5#
#. 5#
#.#######h#
#.......@.###
..........5.####
#.#####.........
#.##.##.###.####
#.#.#.#.# #.#
#..###..# #.#
#.## ##.# #.#
#..###..# #.#
#.#.#.#.# #.#


You could see Natasha and 3 cerulean imps.

Vanquished Creatures
  An endoplasm (D:2)
  A goblin (D:1)
  4 hobgoblins (D:1)
  3 jackals (D:1)
  A quokka (D:1)
  3 ball pythons
  2 bats
  A kobold (D:1)
  3 rats (D:1)
19 creatures vanquished.

Notes
Turn   | Place    | Note
-------+----------+-------------------------------------------
     0 | D:1      | Newt the Merfolk Gladiator began the quest for the Orb.
     0 | D:1      | Reached XP level 1. HP: 16/16 MP: 1/1
   322 | D:1      | Reached XP level 2. HP: 23/23 MP: 2/2
   776 | D:2      | Found a faded altar of an unknown god.
   815 | D:2      | Noticed Natasha
   828 | D:2      | HP: 1/25 [cerulean imp/+1 spear[Natasha] (3)]
   828 | D:2      | Slain by Natasha

Illustrated notes

Levels and vault maps discovered:
D:1:      dpeg_arrival_rooms_b, layout_loops_cross
D:2:      layout_loops_ring, serial_shops, shop,
          shapermc_ecumenical_altar_acropolis, grunt_ministairs_5, uniq_natasha

Skill      XL: |  1  2 |
---------------+-------+-----
Fighting       | 3 |  3.6
Polearms       | |  4.0
Throwing       | |  2.0
Dodging        | |  4.0

Action                     || total
---------------------------++-------
  Melee: Trident           ||    86
         Punch             ||     1
    Use: Scroll            ||     2
         Potion            ||     1
   Stab: Sleeping          ||     1
 Armour: Leather armour    ||    46
  Dodge: Dodged            ||    58

Table legend: (Time is in decaauts)
 A = Elapsed time spent in this place.
 B = Non-inter-level travel time spent in this place.
 C = Inter-level travel time spent in this place.
 D = Time resting spent in this place.
 E = Time spent auto-exploring this place.
 F = Levels seen in this place.
 G = Mean time per level.
                   A        B        C        D        E       F      G
               +--------+--------+--------+--------+--------+-----+--------+
         Total |    839 |    805 |     34 |      0 |    653 |   2 |  419.5 |
       Dungeon |    839 |    805 |     34 |      0 |    653 |   2 |  419.5 |
               +--------+--------+--------+--------+--------+-----+--------+

Top non-repeatable levels by time:
     D:1: 740 daAuts
     D:2: 98 daAuts
